 Dungeon Crawl Stone Soup version 0.27-a0-1529-g1e82c303ef (webtiles) character file.

Game seed: 14825171466215779641

39 hatdisgam the Shield-Bearer (level 3, 0/19 HPs)
             Began as a Vine Stalker Fighter on July 11, 2021.
             Killed by divine providence
             ... invoked by an orc priest
              (6 damage)
             ... on level 3 of the Dungeon.
             The game lasted 00:01:31 (955 turns).

hatdisgam the Shield-Bearer (Vine Stalker Fighter)   Turns: 955, Time: 00:01:32

Health: 0/19       AC:  6    Str: 18    XL:     3   Next: 45%
Magic:  0/4        EV:  7    Int:  9    God:
Gold:   20         SH:  9    Dex: 13    Spells: 2/2 levels left

rFire    . . .     SeeInvis .   a - +0 long sword
rCold    . . .     Faith    .   c - +0 kite shield
rNeg     . . .     Spirit   +   b - +0 scale mail
rPois    .         Reflect  .   (no helmet)
rElec    .         Harm     .   (no cloak)
rCorr    .         Rampage  .   (no gloves)
Will     .....                  (no boots)
Stlth    ..........             (no amulet)
HPRegen  0.06/turn              (no ring)
MPRegen  0.09/turn              (no ring)

@: no status effects
A: fangs 2, magic shield, antimagic bite, no potion heal 2
a: no special abilities


You were on level 3 of the Dungeon.
You visited 1 branch of the dungeon, and saw 3 of its levels.

You collected 20 gold pieces.

Inventory:

Hand Weapons
 a - a +0 long sword (weapon)
Missiles
 f - 44 stones (quivered)
Armour
 b - a +0 scale mail (worn)
 c - a +0 kite shield (worn)
Scrolls
 j - a scroll of identify {unknown}
Potions
 d - a potion of might
 g - a potion of magic {unknown}
 h - a potion of cancellation {unknown}
 i - a potion of lignification {unknown}


   Skills:
 - Level 2.6 Fighting
 * Level 2.7 Long Blades
 - Level 2.4 Armour
 + Level 1.0 Dodging
 + Level 3.0 Shields


You had 2 spell levels left.
You didn't know any spells.
Your spell library contained the following spells:

 Spells                   Type           Power      Damage    Failure   Level
 Gell's Gravitas          Tloc           0%         N/A       100%        3
 Teleport Other           Tloc           0%         N/A       100%        3
 Dispersal                Tloc           0%         N/A       100%        6


Dungeon Overview and Level Annotations

Branches:
Dungeon (3/15)

Altars:


Innate Abilities, Weirdness & Mutations

You have extremely sharp teeth.
When hurt, damage is shared between your health and your magic reserves.
Your bite disrupts and absorbs the magic of your enemies.
Potions cannot restore your health.


Message History

You feel clever.
You see here 15 gold pieces.
You closely miss the orc. You bite the orc. You drain its power.
You feel invigorated.
The orc is heavily wounded.
The orc hits you with a +0 club. The orc hits you but does no damage.
You hit the orc.
The orc is almost dead.
The orc hits you but does no damage.
You hit the orc.
You kill the orc!
The orc hits you but does no damage.
An orc priest comes into view. It is wielding a +0 war axe.
The orc priest shouts!
You slash the orc!
You kill the orc!
You closely miss the goblin. Your bite misses the goblin.
You block the goblin's attack. The goblin completely misses you.
You riposte.
You miss the goblin. Your bite misses the goblin. You closely miss the goblin.
You bite the goblin.
You kill the goblin!
The orc priest begins to cast a cantrip, but forgets the words!
Your Dodging skill increases to level 1!
You hit the orc. You bite the orc, but do no damage.
The orc is severely wounded.
The orc hits you with a +0 flail. You block the orc's attack.
You hit the orc.
You kill the orc!
You hit the orc. Your bite misses the orc.
The orc is heavily wounded.
The orc hits you but does no damage.
An orc priest comes into view. It is wielding a +0 hand axe.
You block the orc's attack.
The orc priest shouts!
You hit the orc but do no damage.
The orc is heavily wounded.
You block the orc's attack.
The orc priest mumbles some strange prayers to Beogh against you.
Beogh smites you!
You die...

## .. #.. ###
#.. #@# #..#
#o#
###...##o#
....#....#
#....o.####..
#..#........#
#. ##<.####..
# #...#
.......


You could see 2 orc priests and an orc.

Vanquished Creatures
  A gnoll (D:3)
  3 orcs (D:3)
  5 ball pythons (D:1)
  A bat (D:2)
  An endoplasm (D:1)
  2 giant cockroaches
  2 goblins
  2 hobgoblins
  2 quokkas
  2 frilled lizards (D:1)
  2 kobolds
  2 rats (D:1)
25 creatures vanquished.

Notes
Turn   | Place    | Note
-------+----------+-------------------------------------------
     0 | D:1      | hatdisgam the Vine Stalker Fighter began the quest for the
                  | Orb.
     0 | D:1      | Reached XP level 1. HP: 11/11 MP: 2/2
   211 | D:1      | Reached XP level 2. HP: 16/16 MP: 3/3
   945 | D:3      | Reached skill level 3 in Shields
   945 | D:3      | Reached XP level 3. HP: 8/19 MP: 2/4
   952 | D:3      | Reached skill level 1 in Dodging
   955 | D:3      | Killed from afar by an orc priest

Illustrated notes

Levels and vault maps discovered:
D:1:      dpeg_arrival_signposts, layout_basic, hangedman_glass_teeth,
          skrybe_limestone_x, minmay_tetromino_t4
D:2:      layout_rooms, serial_shops, nicolae_square_shop,
          shapermc_ecumenical_altar_pompeii, uniq_jessica
D:3:      layout_loops_ring, grunt_temple_overflow_lords_of_destruction,
          mainiacjoe_overflow_chevrons, minmay_misc_feat_square,
          grunt_ministairs_4, serial_bayou_crossing

Skill      XL: |  1  2  3 |
---------------+----------+-----
Long Blades    | 2 |  2.7
Shields        | 3 |  3.0
Dodging        | 1 |  1.0
Fighting       | |  2.6
Armour         | |  2.4

Action                   || total
-------------------------++-------
Melee: Long sword        ||    60
       Bite              ||    17
  Use: Scroll            ||     1
Armor: Scale mail        ||    21
Dodge: Dodged            ||    18
Block: Kite shield       ||    29
       Rpst.: Long sword ||     9

Table legend: (Time is in decaauts)
 A = Elapsed time spent in this place.
 B = Non-inter-level travel time spent in this place.
 C = Inter-level travel time spent in this place.
 D = Time resting spent in this place.
 E = Time spent auto-exploring this place.
 F = Levels seen in this place.
 G = Mean time per level.
                   A        B        C        D        E       F      G
               +--------+--------+--------+--------+--------+-----+--------+
         Total |    985 |    931 |     54 |      0 |    769 |   3 |  328.3 |
       Dungeon |    985 |    931 |     54 |      0 |    769 |   3 |  328.3 |
               +--------+--------+--------+--------+--------+-----+--------+

Top non-repeatable levels by time:
     D:1: 833 daAuts
     D:2: 121 daAuts
     D:3: 31 daAuts
